Cogmind - Beta 10.2 @@@ ROGUE MODE // 2020.12.28 @ 18:41:09 Player: Wyvric Result: Destroyed by G-47 Trooper with Particle Gun Performance ------------- Evolutions (2) 1000 Regions Visited (6) 1200 Robots Destroyed (28) 140 Value Destroyed (873) 873 Prototype IDs (2) 40 Alien Tech Used (0) 0 Bonus (225) 225 TOTAL SCORE: 3478 Bonus ------- Follower Combat Kills 25 Entered Garrisons 200 Cogmind --------- Core Integrity 0/550 Matter 29/300 Energy 95/100 System Corruption 0% Temperature Cool (9) Movement Core (1300) Ox25 Location -8/Garrison Parts ------- > --- POWER (1) -------- (None) > --- PROPULSION (2) --- (None) > --- UTILITY (6) ------ Medium Storage Unit Large Storage Unit Large Storage Unit Large Storage Unit Large Storage Unit > --- WEAPON (2) ------- Heavy Flail Heavy Flail > --- INVENTORY (32) --- Nuclear Core Reinforced Deuterium Engine Reinforced Deuterium Engine Medium Storage Unit Medium Storage Unit Medium Storage Unit High-capacity Battery (400) High-capacity Matter Pod (200) High-capacity Matter Pod (200) High-capacity Matter Pod (0) Experimental Sensor Array Decoy Drone Bay (16/16) Rocket Launcher Heavy Flail Heavy Flail Heavy Flail Heavy Flail Blade Trap Blade Trap Blade Trap Peak State ------------ > --- POWER ------------ Ion Engine > --- PROPULSION ------- Aluminum Leg Aluminum Leg > --- UTILITY ---------- Humpback Experimental Sensor Array Decoy Drone Bay > --- WEAPON ----------- Slug Cannon Rocket Launcher > --- INVENTORY -------- Light Ion Engine Nuclear Core Reinforced Deuterium Engine Reinforced Deuterium Engine Light Treads Light Treads Light Treads Aluminum Leg Wheel Medium Storage Unit Medium Storage Unit Large Storage Unit Large Storage Unit High-capacity Battery High-capacity Matter Pod High-capacity Matter Pod Heavy Assault Rifle Rocket Launcher Blade Trap Blade Trap Blade Trap [Rating: 34] Favorites ----------- Power Ion Engine Engine Ion Engine Propulsion Aluminum Leg Treads Light Treads Leg Aluminum Leg Wheel Wheel Utility Large Storage Unit Device Experimental Sensor Array Storage Large Storage Unit Weapon Light Assault Rifle Energy Gun Particle Gun Ballistic Gun Light Assault Rifle Ballistic Cannon Slug Cannon Launcher Rocket Launcher Impact Weapon Heavy Flail Build | -11 -10 -10 -10 -9 -8 -8 ------- Run | Scr Mat Min Exi Min Mat Gar Slots Evolved 4 | . . . . . 4 . Power . | . . . . . . . Propulsion . | . . . . . . . Utility 4 | . . . . . 4 . Weapon . | . . . . . . . Parts Attached 52 | 7 5 1 1 6 15 17 Power 5 | 2 . . . 1 2 . Engine 5 | 2 . . . 1 2 . Core . | . . . . . . . Reactor . | . . . . . . . Propulsion 12 | 2 . 1 . 1 3 5 Treads 4 | . . . . . 2 2 Leg 7 | 2 . 1 . 1 . 3 Wheel 1 | . . . . . 1 . Hover . | . . . . . . . Flight . | . . . . . . . Utility 18 | 1 3 . 1 . 8 5 Device 2 | . . . . . 2 . Storage 16 | 1 3 . 1 . 6 5 Processor . | . . . . . . . Hackware . | . . . . . . . Protection . | . . . . . . . Artifact . | . . . . . . . Weapon 17 | 2 2 . . 4 2 7 Energy Gun 3 | 1 . . . 2 . . Energy Cannon . | . . . . . . . Ballistic Gun 4 | 1 2 . . . 1 . Ballistic Cannon 1 | . . . . 1 . . Launcher 4 | . . . . 1 1 2 Special Weapon . | . . . . . . . Impact Weapon 5 | . . . . . . 5 Slashing Weapon . | . . . . . . . Piercing Weapon . | . . . . . . . Special Melee Weapon . | . . . . . . . Unidentified Prototypes 2 | . . . . . 2 . Parts Lost 19 | . 2 . . 3 4 10 Power 3 | . . . . . 2 1 Propulsion 6 | . . . . . . 6 Utility . | . . . . . . . Weapon 10 | . 2 . . 3 2 3 Highest Loss Streak 10 | . 1 . . 2 3 10 Average Slot Usage (%) 90 | . 92 100 89 84 86 81 Engine 12 | . 14 14 14 14 7 4 Treads 1 | . . . . . 10 10 Leg 24 | . 28 28 28 28 . 2 Storage 23 | . 20 28 18 14 37 45 Energy Gun 2 | . 8 . . 7 . . Ballistic Gun 20 | . 19 28 28 14 1 . Ballistic Cannon 1 | . . . . 4 9 5 Naked Turns . | . . . . . . . Heaviest Build 137 | 12 39 39 87 96 137 126 Greatest Support 40 | 20 20 20 20 20 40 40 Greatest Overweight (x) 13 | . 1 1 4 4 13 12 Average Overweight (x) 2 | . . 1 2 4 9 7 Largest Inventory Capacity 48 | 6 16 16 24 24 40 48 Average Capacity 21 | 5 8 16 21 24 38 35 Most Carried 32 | 6 8 16 21 24 32 32 Average Carried 18 | 4 6 15 17 22 24 27 Final Capacity 40 | 6 16 16 24 24 40 32 Final Carried 32 | 6 8 16 21 24 32 21 Class Distribution -------------------- 58% | Hauler-Mutant 41% | Mutant Dominant Class ---------------- Mutant | -10/Materials Mutant | -10/Mines Hauler-Mutant | -10/Exiles Hauler-Mutant | -9/Mines Hauler-Mutant | -8/Materials Hauler-Mutant | -8/Garrison Resources | -11 -10 -10 -10 -9 -8 -8 ----------- Run | Scr Mat Min Exi Min Mat Gar Matter Collected 903 | 264 96 122 34 99 180 108 Remotely . | . . . . . . . Salvage Created 755 | . 182 . . 185 120 268 Parts 40 | . 13 . . 12 6 9 Haulers Intercepted . | . . . . . . . Recyclers Shooed . | . . . . . . . Parts Field Recycled . | . . . . . . . Retrieved Matter . | . . . . . . . Parts Self-Destructed . | . . . . . . . Prevented . | . . . . . . . Kills | -11 -10 -10 -10 -9 -8 -8 ------- Run | Scr Mat Min Exi Min Mat Gar Combat Hostiles Destroyed 26 | . 4 . . 8 3 11 Melee 2 | . . . . . . 2 Guns 8 | . 4 . . 3 1 . Cannons 4 | . . . . 2 . 2 AOE 11 | . . . . 3 2 6 Classes Destroyed 5 | . 2 . . 1 1 1 Recycler 1 | . . . . . 1 . Watcher 1 | . 1 . . . . . Swarmer 8 | . . . . 4 1 3 Grunt 17 | . 4 . . 4 2 7 Duelist 1 | . . . . . . 1 Best Kill Streak 7 | . 2 . . 4 3 7 Combat Bots Only 7 | . 2 . . 4 2 7 Max Kills in Single Turn 3 | . 1 . . 2 3 2 Gunslinging . | . . . . . . . Exploded 2 | . . . . 2 2 2 Melee 1 | . . . . . . 1 Uniques/NPCs Destroyed . | . . . . . . . Combat | -11 -10 -10 -10 -9 -8 -8 -------- Run | Scr Mat Min Exi Min Mat Gar Damage Taken 3651 | . 307 . . 617 841 1886 Core 726 | . 32 . . 131 74 489 Absorbed by Shields 60 | . . . . . . 60 Core Remaining (%) 67 | 100 . . . 34 . . Volleys Fired 71 | . 17 2 . 26 12 14 Largest 2 | . 2 2 . 2 2 2 Hottest 104 | . 60 40 . 104 81 81 Shots Fired 117 | . 34 4 . 44 16 19 Gun 80 | . 34 4 . 31 11 . Cannon 23 | . . . . 9 4 10 Launcher 14 | . . . . 4 1 9 Special . | . . . . . . . Kinetic 84 | . 23 4 . 32 15 10 Thermal 19 | . 11 . . 8 . . Explosive 14 | . . . . 4 1 9 Electromagnetic . | . . . . . . . Robot Hit Streak 8 | . 3 3 . 8 4 7 Robot Miss Streak 9 | . 2 1 . 8 9 5 Penetration Max . | . . . . . . . Secondary Targets . | . . . . . . . Shots Hit Robots 89 | . 16 3 . 25 11 34 Core Hits 49 | . 9 . . 12 8 20 Critical Hits 3 | . . . . 1 . 2 Critical Kills 2 | . . . . 1 . 1 Critical Parts Destroyed 1 | . . . . . . 1 Melee Attacks 31 | . . . . . . 31 Impact 31 | . . . . . . 31 Slashing . | . . . . . . . Piercing . | . . . . . . . Sneak Attacks . | . . . . . . . Combat Hostiles . | . . . . . . . Follow-up Attacks 5 | . . . . . . 5 Damage Inflicted 3058 | . 205 15 . 514 454 1870 Guns 527 | . 205 15 . 201 106 . Cannons 361 | . . . . 80 74 207 Explosions 1581 | . . . . 233 274 1074 Melee 589 | . . . . . . 589 Ramming . | . . . . . . . Kinetic 808 | . 169 15 . 237 180 207 Thermal 80 | . 36 . . 44 . . Explosive 1581 | . . . . 233 274 1074 Electromagnetic . | . . . . . . . Impact 589 | . . . . . . 589 Slashing . | . . . . . . . Piercing . | . . . . . . . Highest Corruption . | . . . . . . . Average Corruption . | . . . . . . . Corruption Purged . | . . . . . . . Overload Shots . | . . . . . . . Overflow Damage 192 | . . . . 1 10 181 Projectiles . | . . . . . . . Explosions 153 | . . . . 1 10 142 Melee 39 | . . . . . . 39 Knockbacks 6 | . . . . . 1 5 Impact 2 | . . . . . . 2 Kinetic 4 | . . . . . 1 3 Secondary . | . . . . . . . Self-Inflicted Damage 94 | . . . . 74 . 20 Shots 3 | . . . . 2 . 1 Rammed . | . . . . . . . Targets Rammed . | . . . . . . . Kicked . | . . . . . . . Crushed . | . . . . . . . Highest Temperature 261 | . 72 . . 261 12 59 Average Temperature 60 | . 31 . . 87 6 34 Received Heat Transfer 1569 | . 168 . . 234 297 870 Siege Activations . | . . . . . . . Robots Corrupted . | . . . . . . . Combat Hostiles . | . . . . . . . Parts Fried . | . . . . . . . Impact Corruptions 3 | . . . . . . 3 Robots Melted . | . . . . . . . Combat Hostiles . | . . . . . . . Parts Melted . | . . . . . . . Heat Transferred 186 | . 75 . . 111 . . Parts Sabotaged . | . . . . . . . Parts Stolen . | . . . . . . . Parts Stripped . | . . . . . . . Power Chain Reactions . | . . . . . . . Missiles Intercepted . | . . . . . . . Alert | -11 -10 -10 -10 -9 -8 -8 ------- Run | Scr Mat Min Exi Min Mat Gar Peak Influence 280 | . 180 136 . 130 105 280 Initial 70 | . . 70 . . 50 64 Average 65 | . 103 48 . 38 59 166 Maximum Alert Level 1 | . . . . . . 1 Low Security (%) 93 | 100 100 100 . 100 100 48 Level 1 6 | . . . . . . 51 Level 2 . | . . . . . . . Level 3 . | . . . . . . . Level 4 . | . . . . . . . Level 5 . | . . . . . . . High Security . | . . . . . . . Max Security . | . . . . . . . Squads Dispatched 7 | . 4 . . . 3 . Investigation 3 | . 2 . . . 1 . Extermination . | . . . . . . . Reinforcement 3 | . 2 . . . 1 . Assault . | . . . . . . . Garrison 1 | . . . . . 1 . Intercept . | . . . . . . . Construction Impeded 1 | . . . . . 1 . Haulers Reinforced . | . . . . . . . Stealth | -11 -10 -10 -10 -9 -8 -8 --------- Run | Scr Mat Min Exi Min Mat Gar Distress Signals 1 | . 1 . . . . . Communications Jammed . | . . . . . . . Distress Signals . | . . . . . . . Times Spotted 46 | . 11 2 . 8 10 15 Peak Tracking Total 7 | . 4 2 . 4 7 7 Tactical Retreats 4 | . 1 1 . . . 2 Traps | -11 -10 -10 -10 -9 -8 -8 ------- Run | Scr Mat Min Exi Min Mat Gar Traps Triggered 5 | . 1 . . . 1 3 Indirectly . | . . . . . . . Trap Hack Attempts . | . . . . . . . Triggered . | . . . . . . . Disarmed . | . . . . . . . Reprogrammed . | . . . . . . . Reused . | . . . . . . . Traps Extracted . | . . . . . . . Installed . | . . . . . . . Triggered . | . . . . . . . Machines | -11 -10 -10 -10 -9 -8 -8 ---------- Run | Scr Mat Min Exi Min Mat Gar Machines Disabled . | . . . . . . . Max in Single Turn . | . . . . . . . Machines Sabotaged . | . . . . . . . Garrisons Compromised . | . . . . . . . Overloaded Fab Kills . | . . . . . . . Fab Network Shutdowns . | . . . . . . . Hacking | -11 -10 -10 -10 -9 -8 -8 --------- Run | Scr Mat Min Exi Min Mat Gar Machines Accessed 9 | . 3 1 4 . 1 . Terminals 2 | . 2 . . . . . Fabricators . | . . . . . . . Repair Stations . | . . . . . . . Recycling Units 1 | . 1 . . . . . Scanalyzers . | . . . . . . . Garrison Access 1 | . . . . . 1 . Total Hacks 11 | . 5 1 4 . 1 . Successful 9 | . 3 1 4 . 1 . Failed 2 | . 2 . . . . . Catastrophic 1 | . 1 . . . . . Database Lockouts . | . . . . . . . Manual 5 | . 5 . . . . . Terminals 4 | . 4 . . . . . Fabricators . | . . . . . . . Repair Stations . | . . . . . . . Recycling Units 1 | . 1 . . . . . Scanalyzers . | . . . . . . . Garrison Access 1 | . . . . . 1 . Terminal Hacks 5 | . . 1 4 . . . Record 4 | . . . 4 . . . Open Door 1 | . . 1 . . . . Fabricator Hacks . | . . . . . . . Repair Station Hacks . | . . . . . . . Recycling Unit Hacks . | . . . . . . . Scanalyzer . | . . . . . . . Garrison Access Hacks 1 | . . . . . 1 . Unlock Access 1 | . . . . . 1 . Unauthorized Hacks 3 | . 3 . . . . . Terminals 2 | . 2 . . . . . Botnet 2 | . 2 . . . . . Fabricators . | . . . . . . . Repair Stations . | . . . . . . . Recycling Units 1 | . 1 . . . . . Tunnel 1 | . 1 . . . . . Scanalyzers . | . . . . . . . Garrison Access . | . . . . . . . Data Cores Recovered . | . . . . . . . Used . | . . . . . . . Hacking Detections 2 | . 2 . . . . . Full Trace Events . | . . . . . . . Feedback Events . | . . . . . . . Feedback Blocked . | . . . . . . . Robot Schematics Acquired . | . . . . . . . Robots Built . | . . . . . . . Matter . | . . . . . . . Time . | . . . . . . . Total Robot Build Rating . | . . . . . . . Part Schematics Acquired . | . . . . . . . Parts Built . | . . . . . . . Matter . | . . . . . . . Time . | . . . . . . . Total Part Build Rating . | . . . . . . . Parts Repaired . | . . . . . . . Time . | . . . . . . . Parts Recycled . | . . . . . . . Recycled Matter . | . . . . . . . Retrieved Matter . | . . . . . . . Retrieved Components . | . . . . . . . Parts Scanalyzed . | . . . . . . . Part Schematics Acquired . | . . . . . . . Parts Damaged . | . . . . . . . Bothacking | -11 -10 -10 -10 -9 -8 -8 ------------ Run | Scr Mat Min Exi Min Mat Gar Used RIF Installer . | . . . . . . . Robots Hacked . | . . . . . . . Non-combat . | . . . . . . . Combat . | . . . . . . . Robot Hacks Applied . | . . . . . . . Relay Couplers Released . | . . . . . . . Robots Rewired . | . . . . . . . Allies Hacked . | . . . . . . . Hacks Repelled . | . . . . . . . Allies | -11 -10 -10 -10 -9 -8 -8 -------- Run | Scr Mat Min Exi Min Mat Gar Total Allies 1 | . . 1 . . . . Largest Group 1 | . . 1 . . . . Highest-Rated Group 31 | . . 31 . . . . Highest-Rated Ally 31 | . . 31 . . . . Total Orders . | . . . . . . . Ally Attacks 19 | . . 19 . . . . Total Damage 316 | . . 316 . . . . Kills 2 | . . 2 . . . . Allies Corrupted . | . . . . . . . Allies Melted . | . . . . . . . Intel | -11 -10 -10 -10 -9 -8 -8 ------- Run | Scr Mat Min Exi Min Mat Gar Robot Analysis Total . | . . . . . . . Derelict Logs Recovered 3 | . . 1 . 2 . . Drone Launches . | . . . . . . . Drone Recoveries . | . . . . . . . Exploration | -11 -10 -10 -10 -9 -8 -8 ------------- Run | Scr Mat Min Exi Min Mat Gar Turns Passed 3839 | 69 319 867 1248 785 249 302 Spaces Moved 1843 | 52 185 554 599 287 91 75 Core 12 | 12 . . . . . . Treads 49 | . . . . . 23 26 Legs 1673 | 40 185 554 599 287 . 8 Wheels 109 | . . . . . 68 41 Hover . | . . . . . . . Flight . | . . . . . . . Fastest Speed 50 | 50 120 150 120 240 190 180 Average Speed 183 | 103 127 150 204 240 206 209 Slowest Speed 330 | 120 150 150 240 240 220 330 Overloaded Moves . | . . . . . . . Propulsion Burnouts . | . . . . . . . Robots Hopped . | . . . . . . . Cave-ins Triggered . | . . . . . . . Exploration Rate (%) 47 | 4 40 99 92 55 10 34 Regions Visited 6 Branch Regions 3 Pre-discovered Areas 1 | . 1 . . . . . Known Exits Taken 2 | . . . . 1 1 . Unknown Exits Taken 4 | 1 1 1 1 . . . Scrap Searched 3 | . . 1 . 2 . . Spaces Dug . | . . . . . . . Terrain Destroyed 47 | . . . . 28 8 11 Melee . | . . . . . . . Projectile 7 | . . . . 4 2 1 AOE 40 | . . . . 24 6 10 Terrain Rammed . | . . . . . . . Walls Destroyed . | . . . . . . . Machines Disabled . | . . . . . . . Actions | -11 -10 -10 -10 -9 -8 -8 --------- Run | Scr Mat Min Exi Min Mat Gar Total 2139 | 63 235 588 624 347 133 149 Wait 55 | . 22 19 . 11 . 3 Move 1838 | 51 184 553 598 286 91 75 Hop . | . . . . . . . Pick Up 66 | 5 5 10 20 11 14 1 Fast Attach 12 | 6 2 . 1 1 1 1 Attach 21 | . 2 . . 2 7 10 Detach 2 | . . . . . 1 1 Swap 19 | 1 1 1 . 3 7 6 Drop 22 | . 2 3 5 7 . 5 Fire 71 | . 17 2 . 26 12 14 Melee 25 | . . . . . . 25 Ram . | . . . . . . . Kick . | . . . . . . . Crush . | . . . . . . . Escape Stasis 8 | . . . . . . 8 Rewire . | . . . . . . . Trap . | . . . . . . . Miscellaneous . | . . . . . . . Route ------- -11/Scrapyard -10/Materials (discovered 3 exits: [*Mat] / *Min x2) -10/Mines (discovered 3 exits: [*Mat x2] / *Exi) -10/Exiles (discovered 2 exits: [*Min x2]) -9/Mines (discovered 2 exits: *Mat x2) -8/Materials -8/Garrison History --------- Turn | Location | Event 10 | -11/Scrapyard | Discovered new exit (range 14) 70 | -11/Scrapyard | Entered Materials 209 | -10/Materials | Discovered new exit (range 5) 233 | -10/Materials | Discovered new exit (range 11) 342 | -10/Materials | Build established: Mutant 362 | -10/Materials | Discovered new exit (range 11) 389 | -10/Materials | Entered Mines 392 | -10/Mines | Received a Mining Laser from a helpful Derelict 442 | -10/Mines | A weapon hastily lodged in a ceiling crevice suddenly fell to the ground 495 | -10/Mines | Learned Materials stockpile data 683 | -10/Mines | Discovered new exit (range 16) 699 | -10/Mines | Found the Drone Emporium 708 | -10/Mines | Found Prototype Device 763 | -10/Mines | Found a damaged Exp. Sensor Array with a note attached 767 | -10/Mines | Found Prototype Device 1163 | -10/Mines | Discovered new exit (range 8) 1187 | -10/Mines | Deemed a non-threat by the Exiles lab entrance 1187 | -10/Mines | Discovered new exit (range 5) 1256 | -10/Mines | Entered Exiles 1256 | -10/Exiles | Found Exiles lab abandoned 1306 | -10/Exiles | Discovered new exit (range 15) 1901 | -10/Exiles | Build established: Hauler-Mutant 2185 | -10/Exiles | Discovered new exit (range 14) 2504 | -10/Exiles | Entered Mines 2537 | -9/Mines | Discovered new exit (range 10) 2762 | -9/Mines | Found a hidden stash of uninstalled traps 3071 | -9/Mines | Core integrity fell below 50% 3131 | -9/Mines | Identified exit to Materials 3174 | -9/Mines | Received a Rocket Launcher from a helpful Derelict 3289 | -9/Mines | Entered Materials 3289 | -8/Materials | Evolved 4 slots: Utility x4 3289 | -8/Materials | Identified Exp. Sensor Array 3290 | -8/Materials | Identified Decoy Drone Bay 3464 | -8/Materials | Garrison activated, responded to threat 3518 | -8/Materials | Lost 3 parts (2p1w) 3538 | -8/Materials | Identified exit to Garrison 3538 | -8/Materials | Entered Garrison 3632 | -8/Garrison | Triggered checkpoint 3704 | -8/Garrison | Destroyed 7 combat bots 3754 | -8/Garrison | Core integrity fell below 50% 3809 | -8/Garrison | Core integrity fell below 20% 3840 | -8/Garrison | Destroyed by G-47 Trooper with Particle Gun Last Messages --------------- 03768_ Destroyed Lgt. Nuclear Core. 03768_ G-47 Trooper system corrupted by crushing effect. 03768_ Hvy. Flail follow-up attack on G-47 Trooper. 03772_ G-47 Trooper IFF system glitched. 03772_ Aluminum Leg destroyed. 03774_ G-47 Trooper knocked back. 03780_ G-47 Trooper IFF system glitched. Garrison Door activated. 03800_ Hvy. Flail destroyed. 03806_ G-47 Trooper IFF system glitched. 03807_ Hvy. Flail follow-up attack on G-47 Trooper. 03807_ Destroyed Particle Gun. 03807_ G-47 Trooper system corrupted by crushing effect. 03808_ G-47 Trooper system terminally corrupted. 03820_ G-50 Soldier destroyed. 03824_ Aluminum Leg destroyed. 03835_ Hvy. Flail follow-up attack on G-47 Trooper. 03839_ Destroyed Imp. Heat Sink. 03839_ G-47 Trooper system corrupted by crushing effect. 03839_ Hvy. Flail follow-up attack on G-47 Trooper. Map ----- +----------------------------------------------------+ | ?????????????????????????????????????????????????? | | ?????????????????????????????????????????????????? | | ?????????????????????????????????????????????????? | | ?????????????????????????????????????????????????? | | ?????????????????????????????????????????????????? | | ?????????????????????????????????????????????????? | | ?????????????????????????????????????????????????? | | ?????????????????????????????????????????????????? | | ?????????????????????????????????????????????????? | | ######???????????????????????????????????????????? | | #???????????????????????????????????????????? | | #???????????????????????????????????????????? | | ### #???????????????????????????????????????????? | | ??# #???????????????????????????????????????????? | | ??# #???????????????????????????????????????????? | | ??# #???????????????????????????????????????????? | | ??# #???????????????????????????????????????????? | | ??# #???????????????????????????????????????????? | | ### ###########?????????????????????????????????? | | #?????????????????????????????????? | | ### #?????????????????????????????????? | | ??# ######## #?????????????????????????????????? | | ??# #??????# #?????????????????????????????????? | | ??# #??????# #????????????#????????????????????? | | ??# #??????# #???????#### ##### #????????????? | | ??# #??????# #???????#%@ g #????????????? | | ??# #??????# #######?#g######## #????????????? | | ??# #??????# ## #?# #???????????????????????? | | ??# #?????## ## [### ######## #????????????? | | ??# ####### #????????????? | | ### != #????????????? | | ^== #????????????? | | ########### = ###########????????????? | | ??????????## # ## #??????????????????????? | | ?????????# ??????????????????????? | | ?????????# ??????????????????????? | | ?????????# ?????????????????????? | | ?????????# ?????????????????????? | | ?????????### ##?????????????????????? | | ???????????# ## ## #??????????????????????? | | ?????????? ?????????????????????? | | ?????????? ?????????????????????? | | ??????????## ##?????????????????????? | | ???????????## ##""""######??????????????????????? | | ????????????# #?????????????????????????????????? | | ????????????# #?????????????????????????????????? | | ????????????# #?????????????????????????????????? | | ????????????? ??????????????????????????????????? | | ????????????? ??????????????????????????????????? | | ?????????????????????????????????????????????????? | +----------------------------------------------------+ Best States ------------- Heat Dissipation 31 Energy Generation 10 Energy Capacity 250 Matter Stores 330 Matter Capacity 500 Sight Range 16 Robot Scan Range 30 Terrain Scan Density 10 Evasion (%) 40 Recoil Reduction 2 Item Schematics ----------------- None Robot Schematics ------------------ None Fabricated ------------ Nothing Alien Tech Used ----------------- None Achievements -------------- None Challenges ------------ None Game ------ Seed FissionMachineChip Manual? 0 Play Time 00:26:29 Cumulative 67.5 hours Start 2020.12.28 @ 05:24:22 End 2020.12.28 @ 18:41:09 Sessions 2 Manual Loads 0 Difficulty Rogue Special Mode None Game No. 17 Rogue 17 Adventurer 0 Explorer 0 Win Type - Total 4 Types 4/0/0/0/0/0/0/0/0 Lore% 29 Gallery% 55 Achievement% 43 Wizard Run 0 Options --------- ASCII 0 Keyboard 0 Movement Numpad Keybinds 0 Fullscreen 1 Font 18/TerminusBold Map View 76x50 Tactical HUD 1 Map Filters NONE Filters NONE Steam 1 RUN: 78ff16fd-fd21-41f6-9054-bdf112e19ff9